 Dungeon Crawl Stone Soup version 0.27-a0-1202-ge72e49191c (webtiles) character file.

Game seed: 9236434517756452227

682 Delamore the Poker (level 7, -7/71 HPs)
             Began as a Formicid Fighter on June 2, 2021.
             Was an Initiate of Qazlal.
             Mangled by an ice devil (23 damage)
             ... summoned by a kobold demonologist
             ... on level 6 of the Dungeon.
             The game lasted 00:06:03 (5809 turns).

Delamore the Poker (Formicid Fighter)               Turns: 5809, Time: 00:06:03

Health: -7/71      AC: 12    Str: 23      XL:     7   Next: 93%
Magic:  7/7        EV:  6    Int:  7      God:    Qazlal [......]
Gold:   200        SH: 10    Dex:  8 (10) Spells: 6/6 levels left

rFire    + . .     SeeInvis +   a - +0 trident
rCold    . . .     Faith    .   c - +0 kite shield
rNeg     . . .     Spirit   .   e - +0 chain mail
rPois    +         Reflect  .   (helmet unavailable)
rElec    .         Harm     .   t - +0 cloak
rCorr    .         Rampage  .   p - +0 pair of gloves
Will     .....                  (no boots)
Stlth    ..........             A - amulet of Vitality {Regen+ HP+15}
HPRegen  1.21/turn              y - ring of protection from fire
MPRegen  0.10/turn              x - ring of poison resistance

@: no status effects
A: permanent stasis, dig shafts and tunnels, antennae 3, four strong arms
a: Dig, Shaft Self, Renounce Religion


You were on level 6 of the Dungeon.
You worshipped Qazlal.
Qazlal was noncommittal.
You visited 2 branches of the dungeon, and saw 7 of its levels.

You collected 200 gold pieces.

Inventory:

Hand Weapons
 a - a +0 trident (weapon)
 v - a +0 glaive
Missiles
 j - 37 poisoned darts
 r - 12 boomerangs
Armour
 c - a +0 kite shield (worn)
 e - a +0 chain mail (worn)
 p - a +0 pair of gloves (worn)
 t - a +0 cloak (worn)
 w - +0 ice dragon scales
Jewellery
 x - a ring of poison resistance (right hand)
 y - a ring of protection from fire (left hand)
 A - the amulet of Vitality (around neck) {Regen+ HP+15}
   (You found it on level 6 of the Dungeon)

   [amulet of regeneration]

   It affects your health (+15).
   It increases your rate of health regeneration.
Wands
 n - a wand of mindburst (8)
 B - a wand of digging (3)
Scrolls
 b - a scroll of amnesia
 f - 4 scrolls of teleportation
 i - a scroll of vulnerability
 k - a scroll of fog
 q - 2 scrolls of identify
 u - a scroll of enchant weapon
 z - a scroll of magic mapping
Potions
 d - a potion of might
 g - a potion of degeneration
 h - 4 potions of curing
 l - 2 potions of brilliance
 m - a potion of lignification
 o - 2 potions of attraction
 s - a potion of heal wounds
 C - a potion of invisibility {unknown}


   Skills:
 - Level 5.0 Fighting
 * Level 6.1 Polearms
 - Level 5.0 Armour
 - Level 5.0 Shields


You had 6 spell levels left.
You didn't know any spells.
Your spell library contained the following spells:

 Spells                   Type           Power      Damage    Failure   Level
 Animate Skeleton         Necr           0%         N/A       100%        1
 Pain                     Necr           0%         1d4       100%        1
 Vampiric Draining        Necr           0%         2d6       100%        3
 Animate Dead             Necr           0%         N/A       100%        4
 Agony                    Necr           0%         N/A       100%        5


Dungeon Overview and Level Annotations

Branches:
Dungeon (6/15)             Temple (1/1) D:4

Altars:
Dithmenos
Elyvilon
Hepliaklqana
Kikubaaqudgha
Makhleb
Qazlal
Sif Muna
Trog
Uskayaw
Vehumet
Wu Jian
Zin

Shops:
D:1 *

Annotations:
D:3 2 runed translucent doors, Bapho's ghost, amateur NaVM
D:5 2 transporters, grizmgrazm2's ghost, weakling OgDe


Innate Abilities, Weirdness & Mutations

You cannot be hasted, slowed, berserked, paralysed or teleported.
You can dig through walls and to a lower floor.
You have a pair of large antennae on your head. (SInv)
Your four strong arms can wield two-handed weapons with a shield.


Message History

The quasit barely misses you.
The quasit claws you but does no damage.
You block the quasit's attack.
You puncture the kobold demonologist!
The kobold demonologist is heavily wounded.
The crimson imp grins evilly.
The quasit bites you but does no damage.
You block the quasit's attack.
The quasit claws you but does no damage.
The kobold demonologist gestures wildly while chanting.
The ice devil barely misses you.
You closely miss the kobold demonologist.
The kobold demonologist is heavily wounded.
You block the quasit's attack.
The quasit claws you but does no damage.
The quasit barely misses you.
The kobold demonologist hits you with a +0 dagger.
The ice devil hits you! The ice devil freezes you!!
You block the quasit's attack.
The quasit claws you but does no damage.
The quasit claws you.
You feel clumsy. The hellwing hits you! You block the hellwing's attack.
You hit the kobold demonologist.
The kobold demonologist is severely wounded.
The kobold demonologist mumbles some strange words.
You block the crimson imp's attack. The quasit closely misses you.
The quasit claws you but does no damage.
You block the quasit's attack.
The ice devil hits you but does no damage.
The hellwing hits you. x2
You hit the kobold demonologist.
The kobold demonologist is severely wounded.
You block the quasit's attack. The quasit barely misses you.
The quasit claws you but does no damage.
The kobold demonologist hits you but does no damage.
You block the crimson imp's attack. The ice devil hits you!
* * * LOW HITPOINT WARNING * * *
The ice devil freezes you!!
You die...

###.##.#............#####
#..#............# #
#.<#.....(......# # ##
####............# # ...
.............# #
...#####...........# #
.......#5..........# #
#.44K5........... #
#..4@########.....
##..5.# +.....#
#.##'###### { # #......#
#......# #......#
##.....# ####### ##'####
#......


You could see a hellwing (summoned), an ice devil (summoned), a kobold
demonologist, a red devil (summoned), a quasit (summoned) and 2 crimson imps.

Vanquished Creatures
  Eustachio (D:5)
  A scorpion (D:5)
  A bullfrog zombie (D:5)
  A centaur zombie (D:6)
  A hound (D:5)
  A jelly (D:4)
  A centaur skeleton (D:6)
  3 iguanas
  2 orc wizards
  2 hound skeletons (D:4)
  7 adders
  An ufetubus (D:5)
  2 worms (D:2)
  A dart slug (D:4)
  17 orcs
  2 ball pythons (D:2)
  7 endoplasms
  2 giant cockroaches
  7 goblins
  5 hobgoblins
  6 jackals
  7 kobolds
  3 quokkas
  4 bats
  4 frilled lizards
  7 rats
96 creatures vanquished.

Notes
Turn   | Place    | Note
-------+----------+-------------------------------------------
     0 | D:1      | Delamore the Formicid Fighter began the quest for the Orb.
     0 | D:1      | Reached XP level 1. HP: 18/18 MP: 1/1
   259 | D:1      | Found Boinanue's General Store.
   298 | D:1      | Reached XP level 2. HP: 15/24 MP: 2/2
   991 | D:2      | Found an ancient bone altar of Kikubaaqudgha.
  1014 | D:2      | Reached XP level 3. HP: 27/29 MP: 3/3
  1920 | D:2      | Reached XP level 4. HP: 22/37 MP: 4/4
  1931 | D:2      | Reached skill level 3 in Polearms
  2797 | D:3      | Found a faded altar of an unknown god.
  2871 | D:3      | Reached XP level 5. HP: 42/42 MP: 5/5
  3348 | D:3      | Found a large runed translucent door.
  3348 | D:3      | Found a large runed translucent door.
  3357 | D:3      | Noticed Bapho's ghost (amateur NaVM)
  3612 | D:4      | Reached skill level 4 in Polearms
  3612 | D:4      | Reached XP level 6. HP: 17/47 MP: 6/6
  3847 | D:4      | Found a staircase to the Ecumenical Temple.
  3854 | Temple   | Entered the Ecumenical Temple
  4086 | Temple   | Became a worshipper of Qazlal Stormbringer
  4888 | D:5      | Entered Level 5 of the Dungeon
  4888 | D:5      | Noticed Eustachio
  4895 | D:5      | Killed Eustachio
  4896 | D:5      | Reached skill level 5 in Shields
  4896 | D:5      | Reached XP level 7. HP: 55/55 MP: 7/7
  4937 | D:5      | Found a transporter.
  4938 | D:5      | Noticed grizmgrazm2's ghost (weakling OgDe)
  5002 | D:5      | Reached skill level 5 in Fighting
  5002 | D:5      | Reached skill level 5 in Polearms
  5052 | D:5      | Reached skill level 5 in Armour
  5118 | D:5      | Found a transporter.
  5445 | D:5      | Found a white marble altar of Elyvilon.
  5498 | D:6      | Found the amulet of Vitality {Regen+ HP+15}
  5639 | D:6      | Reached skill level 6 in Polearms
  5799 | D:6      | Noticed a kobold demonologist
  5805 | D:6      | Noticed an ice devil
  5807 | D:6      | Noticed a hellwing
  5809 | D:6      | Noticed a red devil
  5809 | D:6      | Mangled by an ice devil

Illustrated notes

Levels and vault maps discovered:
D:1:      lordsloth_arrival_two_stooges, layout_basic, serial_shops, shop,
          interstate_on_off
D:2:      layout_basic, basic_altar, minmay_misc_feat_hallway,
          small_statue_intersection
D:3:      layout_basic, basic_ecumenical_altar, ebering_ghost_disaster_area,
          item_on_display_b
D:4:      layout_loops_ring, temple_green
D:5:      layout_rooms, nicolae_elyvilon_temple_path,
          gammafunk_ghost_stat_death, abandoned_shop, uniq_eustachio
D:6:      layout_basic, okawaru_trees_2, kennysheep_mini, ebering_ghost_gozag
Temple:   jpeg_temple_alley_garden

Skill      XL: |  1  2  3  4  5  6  7 |
---------------+----------------------+-----
Shields        | 4 5 |  5.0
Polearms       | 3 4 6 |  6.1
Fighting       | 4 5 |  5.0
Armour         | 4 5 |  5.0

Action                   |  1- 3 |  4- 6 |  7- 9 || total
-------------------------+-------+-------+-------++-------
Melee: Trident           |   176 |   143 |   113 ||   432
 Abil: Dig               |     1 |       |       ||     1
Evoke: Wand              |       |     3 |       ||     3
  Use: Potion            |     1 |       |       ||     1
       Scroll            |       |     8 |     4 ||    12
Armor: Chain mail        |    84 |    46 |    91 ||   221
       Scale mail        |     3 |       |       ||     3
Dodge: Dodged            |    50 |    30 |    34 ||   114
Block: Kite shield       |   102 |    55 |    74 ||   231

Table legend: (Time is in decaauts)
 A = Elapsed time spent in this place.
 B = Non-inter-level travel time spent in this place.
 C = Inter-level travel time spent in this place.
 D = Time resting spent in this place.
 E = Time spent auto-exploring this place.
 F = Levels seen in this place.
 G = Mean time per level.
                   A        B        C        D        E       F      G
               +--------+--------+--------+--------+--------+-----+--------+
         Total |   5925 |   5571 |    354 |    458 |   4213 |   7 |  846.4 |
       Dungeon |   5659 |   5392 |    267 |    458 |   4038 |   6 |  943.2 |
        Temple |    265 |    178 |     87 |      0 |    175 |   1 |  265.0 |
               +--------+--------+--------+--------+--------+-----+--------+

Top non-repeatable levels by time:
     D:3: 1283 daAuts
     D:2: 1235 daAuts
     D:4: 1180 daAuts
     D:1: 1022 daAuts
     D:5: 601 daAuts
     D:6: 337 daAuts
  Temple: 265 daAuts
